 Dungeon Crawl Stone Soup version 0.21.0-3-g78d12a8 (webtiles) character file.

25 Miyamura the Poker (level 2, -5/20 HPs)
             Began as a Demonspawn Wanderer on Jan 12, 2018.
             Slain by a kobold
             ... wielding a +2 dagger of electrocution
              (13 damage)
             ... on level 2 of the Dungeon.
             The game lasted 00:03:01 (1343 turns).

Miyamura the Poker (Demonspawn Wanderer)            Turns: 1343, Time: 00:03:02

Health: -5/20      AC:  6    Str: 13    XL:     2   Next: 82%
Magic:  0/3        EV: 11    Int: 13    God:
Gold:   51         SH:  0    Dex: 11    Spells: 2/3 levels left

rFire    . . .     SeeInvis .   b - +0 spear
rCold    . . .     Gourm    .   (no shield)
rNeg     . . .     Faith    .   d - +0 robe
rPois    .         Spirit   .   e - +2 helmet
rElec    .         Reflect  .   (no cloak)
rCorr    .         Harm     .   (no gloves)
MR       .....                  j - +0 pair of boots
Stlth    ++........             (no amulet)
HPRegen  0.06/turn              (no ring)
MPRegen  0.08/turn              (no ring)

@: very slightly contaminated
A: demonic guardian 1
a: no special abilities


You were on level 2 of the Dungeon.
You were hungry.

You visited 1 branch of the dungeon, and saw 2 of its levels.

You collected 51 gold pieces.

Inventory:

Hand Weapons
 b - a +0 spear (weapon)
Armour
 d - a +0 robe (worn)
 e - a +2 helmet (worn)
 j - a +0 pair of boots (worn)
Scrolls
 h - a scroll of immolation {unknown}
 i - a scroll of fear {unknown}
 k - a scroll of identify {unknown}
 m - a scroll of enchant armour {unknown}
 n - 2 scrolls of remove curse {unknown}
Potions
 c - 2 potions of lignification
 g - a potion of might {unknown}
 o - a potion of flight {unknown}
Books
 a - a book of Flames

   Spells                             Type                      Level
   a - Flame Tongue                   Conjuration/Fire             1
   b - Throw Flame                    Conjuration/Fire             2
   c - Conjure Flame                  Conjuration/Fire             3
   d - Inner Flame                    Hexes/Fire                   3
   e - Sticky Flame                   Conjuration/Fire             4
   f - Fireball                       Conjuration/Fire             5
Comestibles
 f - a ration
 l - 5 chunks of flesh


   Skills:
 + Level 0.5 Fighting
 + Level 3.7 Polearms
 + Level 0.7 Dodging
 + Level 1.3 Stealth
 + Level 1.2 Spellcasting
 + Level 0.7 Conjurations
 + Level 1.1 Fire Magic
   Level 1.0 Earth Magic
   Level 2.0 Evocations


You had 2 spell levels left.
You knew the following spells:

 Your Spells              Type           Power        Failure   Level  Hunger
f - Flame Tongue          Conj/Fire      #....        19%         1    ##.....


Dungeon Overview and Level Annotations

Branches:
Dungeon (2/15)

Altars:


Innate Abilities, Weirdness & Mutations

A weak demonic guardian rushes to your aid.


Message History

Confirm with . or Enter, or press ? or * to list all spells.
Aiming: Flame Tongue
Press: ? - help, Shift-Dir - straight line, f/p - kobold
Aim: a kobold, wielding a dagger of electrocution The flame tongue hits the kobold.
The kobold is heavily wounded.
Casting: Flame Tongue
Confirm with . or Enter, or press ? or * to list all spells.
Aiming: Flame Tongue
Press: ? - help, Shift-Dir - straight line, f/p - kobold
Aim: a kobold, wielding a dagger of electrocution (moderately wounded)
You miscast Flame Tongue.
Nothing appears to happen.
The kobold hits you with a dagger of electrocution.
You closely miss the kobold.
The kobold is moderately wounded.
The kobold hits you with a dagger of electrocution.
You are electrocuted!
Ouch! That really hurt!
You die...

#####################...
...........(....@K......
#################...g...
..........# ..##.##
#.........# ..#
#.........# ...
#........## #.##
#........## #.. ..
########..# #.# $#
##.###.#


You could see a hobgoblin and a kobold.

Vanquished Creatures
  A dart slug (D:1)
  A leopard gecko (D:1)
  2 bats (D:1)
  3 giant cockroaches
  A goblin (D:2)
  4 hobgoblins (D:1)
  2 jackals (D:1)
  A frilled lizard (D:2)
  3 kobolds (D:1)
  2 rats
20 creatures vanquished.

Notes
Turn   | Place    | Note
-------+----------+-------------------------------------------
     0 | D:1      | Miyamura the Demonspawn Wanderer began the quest for the Orb.
     0 | D:1      | Miyamura set off with: a book of Flames, a +0 spear, a potion of lignification, a +0 robe, a ration
     0 | D:1      | Reached XP level 1. HP: 13/13 MP: 2/2
     2 | D:1      | Learned a level 1 spell: Flame Tongue
   537 | D:1      | Gained mutation: A weak demonic guardian rushes to your aid. [demonic ancestry]
   537 | D:1      | Reached XP level 2. HP: 12/19 MP: 1/3
  1343 | D:2      | Slain by a kobold

Action                   || total
-------------------------++-------
Melee: Spear             ||    87
 Cast: Flame Tongue      ||     4
 Stab: Sleeping          ||     2
       Distracted        ||     1
  Eat: Chunk             ||     1
Armor: Robe              ||    18
Dodge: Dodged            ||    40
